PCL
GRESHAM GOLD SOULS @ ALBUQUERQUE ISOTOPES
04/24/2028
 
TOP OF THE 1ST
Gresham Gold Souls batting - Pitching for Albuquerque Isotopes : RHP Xavier Castañera
Pitching: RHP Xavier Castañera
Batting: LHB Ezechiele Bruno 0-0: Foul Ball, location: 2F
0-1: Bunt for hit - play at first, batter OUT! 1-3
Batting: RHB Mario Méndez 0-0: Ball
1-0: Ball
2-0: Ball
3-0: Base on Balls
Batting: LHB Chance Santry 0-0: Swinging Strike
0-1: Foul Ball, location: 2F
0-2: Fielders Choice at 2nd, 1-4 (Groundball, 15)
Batting: RHB Peter Hensley 0-0: Ball
1-0: Called Strike
1-1: Ball
2-1: Fly out, F4 (Popup, 4)
Top of the 1st over - 0 run(s), 0 hit(s), 0 error(s), 1 left on base; Gresham 0 - Albuquerque 0
BOTTOM OF THE 1ST
Albuquerque Isotopes batting - Pitching for Gresham Gold Souls : RHP Arturo Martínez
Pitching: RHP Arturo Martínez
Batting: RHB Gonzalo Gil 0-0: DOUBLE (Line Drive, 7LM)
Batting: RHB Juan Vareas 0-0: Ball
1-0: Swinging Strike
1-1: Called Strike
Gonzalo Gil steals 3rd base
1-2: SINGLE (Line Drive, 7S)
Gonzalo Gil scores
Batting: LHB Fernando Ortíz 0-0: Called Strike
0-1: Ball
1-1: Ball
2-1: Foul Ball, location: 2F
2-2: Ball
3-2: SINGLE (Groundball, 4D)
Juan Vareas to second
Throwing error, E9
Juan Vareas scores
Fernando Ortíz to second
Batting: RHB Will Lott 0-0: Foul Ball, location: 2F
0-1: SINGLE (Line Drive, 8LS)
Fernando Ortíz to third
Batting: RHB Brett Bell 0-0: Ball
1-0: Foul Ball, location: 2F
1-1: Called Strike
1-2: Fielders Choice at 2nd, 1-6 (Groundball, 13)
Batting: LHB Héctor Soto 0-0: Called Strike
0-1: Swinging Strike
Passed Ball!
Fernando Ortíz scores
Brett Bell to second
0-2: Ball
1-2: Strikes out swinging
Batting: RHB Luis Martínez 0-0: Swinging Strike
0-1: Foul Ball, location: 2F
0-2: Foul Ball, location: 2F
0-2: Ground out 6-3 (Groundball, 6)
Bottom of the 1st over - 3 run(s), 4 hit(s), 1 error(s), 1 left on base; Gresham 0 - Albuquerque 3
TOP OF THE 2ND
Gresham Gold Souls batting - Pitching for Albuquerque Isotopes : RHP Xavier Castañera
Batting: RHB Gabriel Miranda 0-0: Ball
1-0: Ball
2-0: Foul Ball, location: 2F
2-1: Foul Ball, location: 2F
2-2: Ball
3-2: DOUBLE (Groundball, 5L)
Batting: RHB Brian Dixon 0-0: Called Strike
0-1: Ball
1-1: Ball
2-1: Swinging Strike
2-2: Fly out, F7 (Flyball, 7)
Batting: SHB Sean Carr 0-0: Ball
1-0: Foul Ball, location: 2F
1-1: Called Strike
1-2: Strikes out swinging
Batting: RHB Pablo Castillo 0-0: Ball
1-0: Ball
2-0: Called Strike
2-1: Ball
3-1: Foul Ball, location: 2F
3-2: Base on Balls
Batting: RHB Gustavo Pagán 0-0: Called Strike
0-1: Foul Ball, location: 2F
0-2: Foul Ball, location: 2F
0-2: Fielders Choice at 2nd, 4-6 (Groundball, 4)
Top of the 2nd over - 0 run(s), 1 hit(s), 0 error(s), 1 left on base; Gresham 0 - Albuquerque 3
BOTTOM OF THE 2ND
Albuquerque Isotopes batting - Pitching for Gresham Gold Souls : RHP Arturo Martínez
Batting: RHB Víctor Solano 0-0: Ball
1-0: Called Strike
1-1: Foul Ball, location: 2F
1-2: Ball
2-2: Foul Ball, location: 2F
2-2: Ball
3-2: Foul Ball, location: 2F
3-2: Ground out 6-3 (Groundball, 6)
Batting: RHB Jesse McKnight 0-0: Called Strike
0-1: Foul Ball, location: 2F
0-2: Strikes out swinging
Batting: RHB Gonzalo Gil 0-0: Called Strike
0-1: Swinging Strike
0-2: Ball
1-2: Strikes out swinging
Bottom of the 2nd over - 0 run(s), 0 hit(s), 0 error(s), 0 left on base; Gresham 0 - Albuquerque 3
TOP OF THE 3RD
Gresham Gold Souls batting - Pitching for Albuquerque Isotopes : RHP Xavier Castañera
Batting: LHB Ezechiele Bruno 0-0: Ball
1-0: Bunt for hit - play at first, batter safe!
Batting: RHB Mario Méndez 0-0: Ball
1-0: Called Strike
1-1: Ball
2-1: Foul Ball, location: 2F
2-2: Strikes out swinging
Batting: LHB Chance Santry 0-0: Swinging Strike
0-1: SINGLE (Flyball, 8RS)
Ezechiele Bruno to second
Batting: RHB Peter Hensley 0-0: DOUBLE (Line Drive, 78D)
Ezechiele Bruno scores
Chance Santry to third
Batting: RHB Gabriel Miranda 0-0: Fly out, F7 (Flyball, 7LM)
Runner from 3rd tags up, SCORES, throw made
Batting: RHB Brian Dixon 0-0: Swinging Strike
0-1: Ball
1-1: Foul Ball, location: 2F
1-2: Strikes out swinging
Top of the 3rd over - 2 run(s), 3 hit(s), 0 error(s), 1 left on base; Gresham 2 - Albuquerque 3
BOTTOM OF THE 3RD
Albuquerque Isotopes batting - Pitching for Gresham Gold Souls : RHP Arturo Martínez
Batting: RHB Juan Vareas 0-0: Fly out, F8 (Flyball, 8LS)
Batting: LHB Fernando Ortíz 0-0: Ball
1-0: Ball
2-0: Ball
3-0: Called Strike
3-1: Base on Balls
Batting: RHB Will Lott 0-0: Ball
Fernando Ortíz is caught stealing 2nd base
1-0: Called Strike
1-1: Foul Ball, location: 2F
1-2: Ball
2-2: Fly out, F8 (Flyball, 8RS)
Bottom of the 3rd over - 0 run(s), 0 hit(s), 0 error(s), 0 left on base; Gresham 2 - Albuquerque 3
TOP OF THE 4TH
Gresham Gold Souls batting - Pitching for Albuquerque Isotopes : RHP Xavier Castañera
Batting: SHB Sean Carr 0-0: Called Strike
0-1: Ball
1-1: Called Strike
1-2: Foul Ball, location: 2F
1-2: Strikes out swinging
Batting: RHB Pablo Castillo 0-0: Ball
1-0: Ball
2-0: Called Strike
2-1: Swinging Strike
2-2: Ball
3-2: Base on Balls
Batting: RHB Gustavo Pagán 0-0: Ball
1-0: Foul Ball, location: 2F
1-1: Fly out, F4 (Popup, 34D)
Pitching: RHP Germán Hernández
Batting: LHB Ezechiele Bruno 0-0: Ball
1-0: Foul Ball, location: 2F
1-1: Ball
2-1: Fly out, F8 (Flyball, 8RD)
Top of the 4th over - 0 run(s), 0 hit(s), 0 error(s), 1 left on base; Gresham 2 - Albuquerque 3
BOTTOM OF THE 4TH
Albuquerque Isotopes batting - Pitching for Gresham Gold Souls : RHP Arturo Martínez
Batting: RHB Brett Bell 0-0: Fly out, F9 (Flyball, 89M)
Batting: LHB Héctor Soto 0-0: Foul Ball, location: 2F
0-1: Swinging Strike
0-2: Strikes out swinging
Batting: RHB Luis Martínez 0-0: Fly out, F9 (Flyball, 9LMF)
Bottom of the 4th over - 0 run(s), 0 hit(s), 0 error(s), 0 left on base; Gresham 2 - Albuquerque 3
TOP OF THE 5TH
Gresham Gold Souls batting - Pitching for Albuquerque Isotopes : RHP Germán Hernández
Batting: RHB Mario Méndez 0-0: Foul Ball, location: 2F
0-1: Fly out, F7 (Flyball, 7LMF)
Batting: LHB Chance Santry 0-0: Ball
1-0: Called Strike
1-1: Called Strike
1-2: Strikes out swinging
Batting: RHB Peter Hensley 0-0: Ground out 4-3 (Groundball, 4)
Top of the 5th over - 0 run(s), 0 hit(s), 0 error(s), 0 left on base; Gresham 2 - Albuquerque 3
BOTTOM OF THE 5TH
Albuquerque Isotopes batting - Pitching for Gresham Gold Souls : RHP Arturo Martínez
Batting: RHB Víctor Solano 0-0: Ball
1-0: Ball
2-0: Ball
3-0: Called Strike
3-1: Foul Ball, location: 2F
3-2: Base on Balls
Batting: RHB Jesse McKnight 0-0: Called Strike
0-1: Ball
1-1: Ball
2-1: Ball
3-1: Base on Balls
Víctor Solano to second
Batting: RHB Gonzalo Gil 0-0: Fly out, F5 (Popup, 56)
Batting: RHB Juan Vareas 0-0: Ball
1-0: Called Strike
1-1: Ball
2-1: Fly out, F8 (Flyball, 8LM)
Batting: LHB Fernando Ortíz 0-0: Ball
1-0: Ball
2-0: Ball
3-0: Called Strike
3-1: Foul Ball, location: 2F
3-2: Base on Balls
Víctor Solano to third
Jesse McKnight to second
Batting: RHB Will Lott 0-0: Fly out, F8 (Flyball, 8RM)
Bottom of the 5th over - 0 run(s), 0 hit(s), 0 error(s), 3 left on base; Gresham 2 - Albuquerque 3
TOP OF THE 6TH
Gresham Gold Souls batting - Pitching for Albuquerque Isotopes : RHP Germán Hernández
Batting: RHB Gabriel Miranda 0-0: Ball
1-0: Ball
2-0: Ball
3-0: Base on Balls
Batting: RHB Brian Dixon 0-0: Called Strike
0-1: Ground out 5-3 (Groundball, 5S)
Gabriel Miranda to second
Batting: SHB Sean Carr 0-0: Ball
1-0: Fly out, F6 (Popup, 6MS)
Batting: RHB Pablo Castillo 0-0: Ball
1-0: Ball
Wild Pitch!
Gabriel Miranda to third
2-0: Foul Ball, location: 2F
2-1: Called Strike
2-2: Foul Ball, location: 2F
2-2: Strikes out looking
Top of the 6th over - 0 run(s), 0 hit(s), 0 error(s), 1 left on base; Gresham 2 - Albuquerque 3
BOTTOM OF THE 6TH
Albuquerque Isotopes batting - Pitching for Gresham Gold Souls : RHP Arturo Martínez
Batting: RHB Brett Bell 0-0: Ball
1-0: Ball
2-0: Called Strike
2-1: Ball
3-1: Foul Ball, location: 2F
3-2: Foul Ball, location: 2F
3-2: Foul Ball, location: 2F
3-2: Strikes out swinging
Batting: LHB Héctor Soto 0-0: Called Strike
0-1: Called Strike
0-2: Strikes out swinging
Batting: RHB Luis Martínez 0-0: Ball
1-0: Foul Ball, location: 2F
1-1: Ground out 1-3 (Groundball, 13)
Bottom of the 6th over - 0 run(s), 0 hit(s), 0 error(s), 0 left on base; Gresham 2 - Albuquerque 3
TOP OF THE 7TH
Gresham Gold Souls batting - Pitching for Albuquerque Isotopes : RHP Germán Hernández
Batting: RHB Gustavo Pagán 0-0: Foul Ball, location: 2F
0-1: Swinging Strike
0-2: Ball
1-2: Strikes out swinging
Batting: LHB Ezechiele Bruno 0-0: Ball
1-0: Ball
2-0: Ball
3-0: Called Strike
3-1: Base on Balls
Batting: RHB Mario Méndez 0-0: Ball
1-0: Foul Ball, location: 2F
1-1: Ball
Pickoff Throw to First - Out!
2-1: Ball
3-1: Foul Ball, location: 2F
3-2: Strikes out swinging
Top of the 7th over - 0 run(s), 0 hit(s), 0 error(s), 0 left on base; Gresham 2 - Albuquerque 3
BOTTOM OF THE 7TH
Albuquerque Isotopes batting - Pitching for Gresham Gold Souls : RHP Arturo Martínez
Pitching: RHP Jamal Clayton
Batting: RHB Víctor Solano 0-0: Called Strike
0-1: Ground out 5-3 (Groundball, 56)
Batting: RHB Jesse McKnight 0-0: SINGLE (Groundball, 56S) (infield hit)
Pinch Hitting: RHB Nick Harris 0-0: Ball
1-0: Foul Ball, location: 2F
1-1: Ball
2-1: Called Strike
2-2: SINGLE (Groundball, 34D)
Jesse McKnight to second
Runner from 2nd tries for 3rd, SAFE, no throw
Pinch Hitting: LHB José González 0-0: Ball
1-0: Ball
2-0: DOUBLE (Flyball, 8LXD)
Jesse McKnight scores
Nick Harris to third
Runner from 3rd tries for Home, SAFE, no throw
Pitching: RHP Tim Cameron
Batting: LHB Fernando Ortíz 0-0: Ball
1-0: Ground out 1-3 (Groundball, P)
José González to third
Batting: RHB Will Lott 0-0: Foul Ball, location: 2F
0-1: Swinging Strike
0-2: Ground out 6-3 (Groundball, 6)
Bottom of the 7th over - 2 run(s), 3 hit(s), 0 error(s), 1 left on base; Gresham 2 - Albuquerque 5
TOP OF THE 8TH
Gresham Gold Souls batting - Pitching for Albuquerque Isotopes : RHP Germán Hernández
Pitching: RHP Mike Frank
Now at 3B: Pedro Cruz
Now in LF: Nick Harris
Batting: LHB Chance Santry 0-0: Foul Ball, location: 2F
0-1: Swinging Strike
0-2: Ball
1-2: Foul Ball, location: 2F
1-2: Fly out, F7 (Flyball, 78M)
Batting: RHB Peter Hensley 0-0: Ball
1-0: Ground out 5-3 (Groundball, 56)
Batting: RHB Gabriel Miranda 0-0: Ball
1-0: Ball
2-0: Foul Ball, location: 2F
2-1: Ball
3-1: Foul Ball, location: 2F
3-2: Strikes out swinging
Top of the 8th over - 0 run(s), 0 hit(s), 0 error(s), 0 left on base; Gresham 2 - Albuquerque 5
BOTTOM OF THE 8TH
Albuquerque Isotopes batting - Pitching for Gresham Gold Souls : RHP Tim Cameron
Batting: RHB Brett Bell 0-0: Ball
1-0: Ball
2-0: Ball
3-0: Called Strike
3-1: Foul Ball, location: 2F
3-2: Base on Balls
Batting: LHB Héctor Soto 0-0: Ball
1-0: Ball
2-0: Ball
3-0: Called Strike
3-1: Called Strike
3-2: SINGLE (Groundball, 6MD)
Brett Bell to second
Batting: RHB Luis Martínez 0-0: Sac Bunt - play at first, batter OUT! 1-3
Brett Bell to third
Héctor Soto to second
Batting: RHB Víctor Solano 0-0: Ball
1-0: Ball
2-0: Ball
3-0: Called Strike
3-1: Base on Balls
Pinch Hitting: SHB Clint Woods 0-0: Ball
1-0: Called Strike
1-1: Ball
2-1: Ball
Wild Pitch!
Brett Bell scores
Héctor Soto to third
Víctor Solano to second
3-1: Ground out 6-3 (Groundball, 6)
Héctor Soto scores
Víctor Solano to third
Pitching: RHP Clark Noble
Batting: RHB Nick Harris 0-0: DOUBLE (Line Drive, 89D)
Víctor Solano scores
Batting: LHB Pedro Cruz 0-0: Ball
1-0: Called Strike
1-1: SINGLE (Line Drive, 5D)
Nick Harris to third
Runner from 3rd tries for Home, SAFE, no throw
Batting: LHB Fernando Ortíz 0-0: Ball
Pedro Cruz is caught stealing 2nd base
Bottom of the 8th over - 4 run(s), 3 hit(s), 0 error(s), 0 left on base; Gresham 2 - Albuquerque 9
TOP OF THE 9TH
Gresham Gold Souls batting - Pitching for Albuquerque Isotopes : RHP Mike Frank
Now at 2B: Raúl Bauza
Batting: RHB Brian Dixon 0-0: Reached on error, E6 (Popup, 6D)
Batting: SHB Sean Carr 0-0: Called Strike
0-1: Called Strike
0-2: Fly out, F7 (Flyball, 78S)
Batting: RHB Pablo Castillo 0-0: Grounds into double play, 5-4-3 (Groundball, 56)
Top of the 9th over - 0 run(s), 0 hit(s), 1 error(s), 0 left on base; Gresham 2 - Albuquerque 9
Tuesday, August 8th, 2017 - OOTP Baseball 17.12 Build 75